cohdb
Replays
Latest Replays
All Replays
Popular Replays
Top Player Replays
Match Explorer
How It Works
Community
CoH3 Stats
Reddit
Sign in to upload your games and track your stats! →
Sign in with Steam
Match 42444676
Unlisted
Match 42444676
Overview
Messages
Build Orders
End
Royal Engineer Section
Construct Section Command Post
Construct Section Command Post
Selects Air and Sea Battlegroup
Dingo Light Scout Car
Infantry Section
Infantry Section
Construct Platoon Command Post
Selects Supply Surplus
Construct Field Infirmary
Forward Retreat Point
Construct Company Command Post
Selects UNKNOWN (223837)
Foot Guards Section
Centaur IV Medium Tank
Construct Resource Cache
Selects Commando Section Paradrop
Commando Section Paradrop
Crusader II Medium Tank
Commando Section Paradrop
Selects M1 Pack Howitzer Paradrop
M1 Pack Howitzer Paradrop
Selects Incendiary Bombing Run
Incendiary Bombing Run
Tok3n x Operator
TechT0nic
Coyote
DecoY
0
0
Comments
sign in to comment!
No comments posted yet!